 Dungeon Crawl Stone Soup version 0.26-a0-812-g31a745ddcd (webtiles) character file.

Game seed: 14434004752641222434

20245 MalarOregon the Destroyer (level 12, -3/103 HPs)
             Began as a Grey Draconian Conjurer on Nov 30, 2020.
             Was an Initiate of Gozag.
             Slain by an eight-headed hydra (4 damage)
             ... on level 3 of the Lair of Beasts.
             The game lasted 00:50:27 (23016 turns).

MalarOregon the Destroyer (DrCj)                   Turns: 23016, Time: 00:50:27

Health: -3/103     AC: 16    Str: 10    XL:     12   Next: 43%
Magic:  0/23       EV: 15    Int: 30    God:    Gozag
Gold:   2758       SH:  0    Dex:  9    Spells: 12/26 levels left

rFire    . . .     SeeInvis .   G - staff of cold
rCold    + . .     Faith    .   (no shield)
rNeg     . . .     Spirit   .   (armour unavailable)
rPois    .         Reflect  .   (helmet restricted)
rElec    .         Harm     .   z - +2 cloak
rCorr    .         Rampage  .   (no gloves)
MR       .....                  (no boots)
Stlth    ++........             e - amulet of regeneration
HPRegen  0.67/turn              D - +6 ring of intelligence
MPRegen  0.18/turn              I - ring of wizardry

@: very slightly contaminated
A: walk through water, unfitting armour, unbreathing, cold-blooded, AC +13
a: Potion Petition, Call Merchant, Bribe Branch, Renounce Religion


You were on level 3 of the Lair of Beasts.
You worshipped Gozag.
Gozag was most pleased with you.
You visited 3 branches of the dungeon, and saw 17 of its levels.
You also visited: Ossuary.

You collected 2802 gold pieces.
You paid 44 gold pieces to Gozag.

Inventory:

Hand Weapons
 A - a +5 quarterstaff of chaos
   (You took it off Crazy Yiuf on level 5 of the Dungeon)
Missiles
 f - 58 poisoned darts (quivered)
Armour
 z - a +2 cloak (worn)
   (You took it off Crazy Yiuf on level 5 of the Dungeon)
Magical Staves
 j - an uncursed staff of poison
   (You found it on level 7 of the Dungeon)
 G - an uncursed staff of cold (weapon)
   (You took it off Fannar on level 10 of the Dungeon)
Jewellery
 a - an uncursed ring of ice
   (You found it on level 1 of the Dungeon)
 e - an amulet of regeneration (around neck)
   (You found it on level 10 of the Dungeon)
 q - an uncursed ring of ice
   (You found it on level 4 of the Dungeon)
 y - an uncursed ring of flight
   (You took it off an orc wizard on level 9 of the Dungeon)
 D - a +6 ring of intelligence (left hand)
   (You found it on level 10 of the Dungeon)
 I - a ring of wizardry (right hand)
   (You found it on level 1 of the Lair of Beasts)
Wands
 c - a wand of disintegration (18)
   (You found it on level 4 of the Dungeon)
 d - a wand of iceblast (5)
   (You took it off an orc on level 8 of the Dungeon)
 v - a wand of digging (6)
   (You found it on level 8 of the Dungeon)
 B - a wand of polymorph (17)
   (You found it on level 8 of the Dungeon)
Scrolls
 b - a scroll of magic mapping
 g - 3 scrolls of remove curse {@r2}
 i - a scroll of fog
 r - 3 scrolls of enchant armour
 w - 9 scrolls of teleportation {@r4}
 C - 2 scrolls of fear
 F - a scroll of blinking
 H - a scroll of identify {@r1}
 K - a scroll of enchant weapon
 L - a scroll of acquirement {unknown}
Potions
 h - 2 potions of berserk rage
 k - 3 potions of haste {@q3}
 l - 4 potions of flight
 m - 3 potions of heal wounds {@q2}
 n - 2 potions of cancellation
 o - 2 potions of brilliance
 p - 2 potions of mutation {!q}
 s - 3 potions of invisibility
 t - a potion of magic
 u - 6 potions of attraction {!q}
 x - 5 potions of curing {@q1}
 E - a potion of ambrosia {unknown}
 M - a potion of resistance {unknown}
Miscellaneous
 J - a phantom mirror
   (You found it on level 1 of the Lair of Beasts)


   Skills:
 + Level 8.9 Fighting
 + Level 5.1 Staves
 + Level 7.6 Dodging
 - Level 1.7 Stealth
 + Level 7.6 Spellcasting
 - Level 11.0 Conjurations
 - Level 6.0 Hexes
 * Level 7.4 Earth Magic
 + Level 5.0 Evocations


You had 12 spell levels left.
You knew the following spells:

 Your Spells              Type           Power        Failure   Level
a - Magic Dart            Conj           ####         1%          1
f - Borgnjor's Vile Clut  Necr/Erth      ####......   11%         5
x - Iskenderun's Mystic   Conj/Tloc      #####...     1%          4
z - Fulminant Prism       Conj/Hex       ######....   1%          4

Your spell library contained the following spells:

 Spells                   Type           Power        Failure   Level
 Searing Ray              Conj           ######       1%          2
 Dazzling Flash           Conj/Hex       ######       1%          3
 Animate Dead             Necr           ##........   17%         4
 Death Channel            Necr           ##........   93%         6
 Simulacrum               Ice/Necr       ###.......   93%         6


Dungeon Overview and Level Annotations

Branches:
Dungeon (12/15)            Temple (1/1) D:4            Lair (4/6) D:11
  Swamp (0/4) Lair:3        Snake (0/4) Lair:4          Orc (0/2) D:10
Ossuary (visited)

Altars:
Ashenzari
Cheibriados
Dithmenos
Elyvilon
Fedhas
Gozag
Hepliaklqana
Kikubaaqudgha
Makhleb
Nemelex Xobeh
Okawaru
Qazlal
Ru
Sif Muna
Trog
Uskayaw
Vehumet
Wu Jian
Xom
Yredelemnul
Zin
The Shining One

Annotations:
D:7 Prince Ribbit
D:10 1 runed translucent door, kae's ghost, novice TeTm


Innate Abilities, Weirdness & Mutations

You can walk through water.
Your dull iron-grey scales are very hard. (AC +13)
You cannot fit into any form of body armour.
You can survive without breathing.
You are cold-blooded and may be slowed by cold attacks.


Message History

The eight-headed hydra escapes!
Aim: an eight-headed hydra (heavily wounded) Zombie hands grab the eight-headed hydra.
The zombie hands constrict the eight-headed hydra.
The eight-headed hydra struggles to escape constriction.
The zombie hands constrict the eight-headed hydra!
The eight-headed hydra struggles to escape constriction.
The zombie hands constrict the eight-headed hydra!
The eight-headed hydra struggles to escape constriction.
The zombie hands constrict the eight-headed hydra!
The eight-headed hydra escapes!
You hit the eight-headed hydra.
The eight-headed hydra bites you but does no damage.
The eight-headed hydra bites you! x2
The eight-headed hydra closely misses you.
The eight-headed hydra bites you!
The eight-headed hydra completely misses you.
The eight-headed hydra bites you.
The eight-headed hydra closely misses you.
Unknown command.
Unknown command.
You hit the eight-headed hydra.
The eight-headed hydra closely misses you.
The eight-headed hydra bites you!
* * * LOW HITPOINT WARNING * * *
The eight-headed hydra bites you.
* * * LOW HITPOINT WARNING * * *
The eight-headed hydra bites you but does no damage.
The eight-headed hydra barely misses you.
The eight-headed hydra bites you!
* * * LOW HITPOINT WARNING * * *
The eight-headed hydra completely misses you.
The eight-headed hydra barely misses you.
Unknown command.
Aim: an eight-headed hydra (almost dead)
You miscast Borgnjor's Vile Clutch.
You are very lightly contaminated with residual magic.
Nothing appears to happen.
The eight-headed hydra bites you but does no damage.
The eight-headed hydra bites you!
* * * LOW HITPOINT WARNING * * *
The eight-headed hydra bites you but does no damage. x2
The eight-headed hydra bites you!
* * * LOW HITPOINT WARNING * * *
The eight-headed hydra bites you!
* * * LOW HITPOINT WARNING * * *
The eight-headed hydra closely misses you.
The eight-headed hydra bites you.
You die...
Your body crumbles into a pile of gold.

#P...##......##..
#.....#......##
#P.....##...>.#
#P.....##.....#
##...####.....##
.?.. #P......# #
..... ##.....##
### #..D..# .P#.
##.@.## ....
#...# ....
....... ....
........... ....
.P......#......
....
######.........
.... #...##.##.
.... #... ## ....


You could see an eight-headed hydra.

Vanquished Creatures
  Fannar (D:10)
  A two-headed ogre (D:11)
  An unseen horror (D:10)
  Pikel (D:8)
  4 oklob plants (Lair:1)
  A cyclops (D:11)
  2 black mambas (Lair:2)
  5 cane toads
  Maggie (D:8)
  3 komodo dragons
  A kobold demonologist (D:9)
  2 trolls (D:10)
  3 blink frogs (Lair:4)
  Sigmund (D:5)
  A basilisk (Lair:2)
  A wyvern (D:10)
  15 yaks
  A spriggan (D:7)
  A steam dragon (D:10)
  Menkaure (D:5)
  2 water moccasins
  An acid dragon (D:11)
  14 orc warriors
  A swamp drake (D:7)
  4 black bears
  2 phantoms
  2 ice beasts
  11 ogres
  A necrophage (D:8)
  7 wolves
  4 lemures
  5 centaurs
  5 big kobolds
  12 bullfrogs
  4 elf zombies (Ossuary)
  3 gnoll sergeants (D:10)
  A water moccasin zombie (D:6)
  3 scorpions
  3 killer bees (D:10)
  12 wights
  3 howler monkeys
  A centaur zombie (Ossuary)
  2 bullfrog zombies (D:11)
  4 hounds
  2 jellies (D:9)
  A centaur skeleton (D:5)
  11 orc priests
  12 orc wizards
  Crazy Yiuf (D:5)
  A bullfrog skeleton (D:9)
  Ijyb (D:4)
  2 iguanas
  5 worker ants
  A big kobold zombie (Ossuary)
  2 hound zombies
  3 mummies (Ossuary)
  7 gnolls
  14 adders
  3 white imps
  4 ufetubi
  4 adder zombies (Ossuary)
  3 worms
  3 dart slugs
  4 leopard geckos
  68 orcs
  11 bats
  5 giant cockroaches
  A gnoll zombie (Ossuary)
  5 goblins
  6 hobgoblins
  3 jackals (D:4)
  5 quokkas
  2 ball pythons
  A frilled lizard (D:2)
  3 goblin zombies (Ossuary)
  3 hobgoblin zombies (Ossuary)
  A jackal skeleton (D:5)
  2 jackal zombies (Ossuary)
  12 kobolds
  A kobold zombie (Ossuary)
  An orc zombie (Ossuary)
  A quokka skeleton (D:4)
  5 quokka zombies (Ossuary)
  6 rats
  8 rat zombies (Ossuary)
  A fulminant prism (D:11)
389 creatures vanquished.

Vanquished Creatures (others)
  75 fulminant prisms
  8 fungi
  43 plants
  2 withered plants (D:10)
128 creatures vanquished.

Grand Total: 517 creatures vanquished

Notes
Turn   | Place    | Note
-------+----------+-------------------------------------------
     0 | D:1      | MalarOregon the Draconian Conjurer began the quest for the
                  | Orb.
     0 | D:1      | Reached XP level 1. HP: 14/14 MP: 3/3
   389 | D:1      | Reached XP level 2. HP: 22/22 MP: 3/5
   921 | D:2      | Reached skill level 1 in Fighting
  1203 | D:2      | Reached XP level 3. HP: 28/28 MP: 2/6
  1265 | D:2      | Learned a level 3 spell: Dazzling Flash
  1729 | D:2      | Reached XP level 4. HP: 35/35 MP: 2/7
  2621 | D:2      | Found a faded altar of an unknown god.
  2703 | D:2      | Reached skill level 5 in Conjurations
  2925 | D:3      | Reached XP level 5. HP: 25/41 MP: 0/9
  3184 | D:3      | Learned a level 4 spell: Fulminant Prism
  4317 | D:4      | Reached XP level 6. HP: 50/50 MP: 3/10
  4371 | D:4      | Found a snail-covered altar of Cheibriados.
  4378 | D:4      | Found a staircase to the Ecumenical Temple.
  4413 | D:4      | Found a sand-covered staircase.
  4589 | Ossuary  | Entered an ossuary
  5201 | Ossuary  | Reached skill level 1 in Hexes
  5473 | Ossuary  | Reached skill level 6 in Conjurations
  5568 | Ossuary  | Your scales start taking on a dull iron-grey colour.
  5568 | Ossuary  | Reached XP level 7. HP: 57/57 MP: 9/12
  5568 | Ossuary  | Gained mutation: You can survive without breathing. [Grey
                  | Draconian growth]
  6212 | Temple   | Entered the Ecumenical Temple
  6554 | D:4      | Learned a level 4 spell: Iskenderun's Mystic Blast
  6852 | D:4      | You fall into a shaft and drop 1 floor!
  6852 | D:5      | Entered Level 5 of the Dungeon
  7103 | D:5      | Noticed Menkaure
  7103 | D:5      | Noticed Sigmund
  7129 | D:5      | Killed Sigmund
  7129 | D:5      | Reached skill level 7 in Conjurations
  7129 | D:5      | Reached XP level 8. HP: 66/66 MP: 1/14
  7257 | D:5      | Killed Menkaure
  7508 | D:5      | Found a hide-covered altar of Uskayaw.
  7509 | D:5      | Found an opulent altar of Gozag.
  7513 | D:5      | Became a worshipper of Gozag Ym Sagoz the Greedy
  7578 | D:5      | Noticed Ijyb
  7605 | D:5      | HP: 2/67 [acid (8)]
  8085 | D:5      | Found a bloodstained altar of Trog.
  8599 | D:4      | Killed Ijyb
  8961 | D:5      | Found a shimmering blue altar of Sif Muna.
  9375 | D:5      | Found a runed translucent door.
  9376 | D:5      | Noticed Crazy Yiuf
  9395 | D:5      | Killed Crazy Yiuf
  9534 | D:6      | Reached skill level 5 in Fighting
  9699 | D:6      | Reached skill level 8 in Conjurations
 10173 | D:6      | Reached XP level 9. HP: 59/74 MP: 7/16
 10559 | D:7      | Reached skill level 5 in Spellcasting
 10653 | D:7      | Reached skill level 5 in Dodging
 10828 | D:7      | Found a shimmering altar of Xom.
 10829 | D:7      | Found a basalt altar of Yredelemnul.
 11444 | D:7      | Reached skill level 9 in Conjurations
 11894 | D:8      | Noticed Maggie
 11907 | D:8      | Killed Maggie
 12084 | D:8      | Noticed Prince Ribbit
 12087 | D:8      | Noticed Pikel
 12444 | D:8      | Killed Pikel
 12444 | D:8      | Reached XP level 10. HP: 72/84 MP: 15/18
 13261 | D:9      | Reached skill level 1 in Staves
 13261 | D:9      | Reached skill level 1 in Evocations
 13947 | D:9      | Reached skill level 10 in Conjurations
 14544 | D:10     | Entered Level 10 of the Dungeon
 15469 | D:10     | Found a white marble altar of Elyvilon.
 15858 | D:10     | Learned a level 5 spell: Borgnjor's Vile Clutch
 15879 | D:10     | Found a staircase to the Orcish Mines.
 15882 | D:10     | Reached skill level 1 in Earth Magic
 16166 | D:10     | Reached XP level 11. HP: 89/92 MP: 6/20
 16388 | D:10     | Found a runed translucent door.
 16388 | D:10     | Noticed kae's ghost (novice TeTm)
 16731 | D:10     | Killed an unseen horror
 16731 | D:10     | Reached skill level 5 in Hexes
 17076 | D:11     | Noticed a two-headed ogre
 17110 | D:11     | Noticed Fannar
 17194 | D:11     | Killed a two-headed ogre
 17235 | D:11     | Found a glowing golden altar of the Shining One.
 18675 | D:10     | Killed Fannar
 18867 | D:11     | Found a staircase to the Lair.
 19163 | Lair:1   | Entered Level 1 of the Lair of Beasts
 19278 | Lair:1   | Reached skill level 5 in Earth Magic
 20299 | Lair:1   | Noticed an oklob plant
 20307 | Lair:1   | Killed an oklob plant
 20510 | Lair:1   | Noticed an oklob plant
 20511 | Lair:1   | Noticed an oklob plant
 20516 | Lair:1   | Killed an oklob plant
 20516 | Lair:1   | Reached skill level 11 in Conjurations
 20630 | Lair:1   | Killed an oklob plant
 20720 | Lair:1   | Noticed an oklob plant
 20849 | Lair:1   | Killed an oklob plant
 20849 | Lair:1   | Reached XP level 12. HP: 71/103 MP: 0/22
 21777 | Lair:2   | HP: 4/103 [cane toad (18)]
 22502 | Lair:2   | Reached skill level 5 in Staves
 22554 | Lair:2   | You fall into a shaft and drop 2 floors!
 22563 | Lair:4   | Found a staircase to the Snake Pit.
 22583 | Lair:4   | Reached skill level 5 in Evocations
 22801 | Lair:3   | Found a staircase to the Swamp.
 22844 | Lair:3   | Noticed a death yak
 22844 | Lair:3   | Noticed a death yak
 22845 | Lair:3   | Noticed a death yak
 22846 | Lair:3   | Noticed a death yak
 22990 | Lair:3   | Noticed an eight-headed hydra
 23016 | Lair:3   | HP: 1/103 [eight-headed hydra (8)]
 23016 | Lair:3   | Slain by an eight-headed hydra

Illustrated notes

Levels and vault maps discovered:
D:1:      dpeg_arrival_concentric_ovals, layout_basic, nrook_mini_vaults
D:2:      minmay_kobold_bridge, layout_basic, chequers_ecumenical_altar_twisty
D:3:      layout_loops_corners
D:4:      layout_basic, cheibriados_altar_1, minmay_temple_entry_butterflies,
          enter_ossuary_2
D:5:      layout_basic, gammafunk_temple_overflow_statue, basic_altar,
          serial_park_tiny_1, bloody_trog, uniq_menkaure,
          uniq_crazy_yiuf_cottage, uniq_ijyb, uniq_sigmund
D:6:      layout_loops_ring
D:7:      layout_basic, gammafunk_temple_overflow_pools, the_bakery
D:8:      layout_basic, special_room [special_room_orc], st_stairs_6,
          bh_walls_and_bars, uniq_maggie, uniq_prince_ribbit1, uniq_pikel
D:9:      layout_rooms, minmay_misc_feat_more_columns
D:10:     layout_basic, kennysheep_orc_monster_closet_entryway,
          gammafunk_ghost_grave, elyvilon_altar_5
D:11:     layout_cave_pools, lair_entry_dummy, special_room [special_room_orc],
          tso_metal_star, uniq_fannar
D:12:     layout_long_grid, nicolae_ashenzari_panopticon, uniq_snorg
Temple:   nicolae_temple_x_marks_the_god
Lair:1:   minmay_lair_oklob_tunnel, layout_cave_shapes, st_stairs_9
Lair:2:   layout_long_grid, minivault_24
Lair:3:   layout_hall_layers, swamp_mist_pool, uniq_rupert
Lair:4:   layout_regular_city, dummy_snake_entry

Skill      XL: |  1  2  3  4  5  6  7  8  9 10 11 12 |
---------------+-------------------------------------+-----
Dodging        | 2 3 4 5 6 7 |  7.6
Fighting       | 1 2 3 4 5 6 7 8 |  8.9
Conjurations   | 5 6 7 8 9 10 11 | 11.0
Spellcasting   | 3 4 5 6 7 |  7.6
Hexes          | 1 2 3 4 5 6 |  6.0
Staves         | 2 4 5 |  5.1
Evocations     | 2 4 5 |  5.0
Earth Magic    | 1 6 7 |  7.4
Stealth        | |  1.7

Action                   |  1- 3 |  4- 6 |  7- 9 | 10-12 || total
-------------------------+-------+-------+-------+-------++-------
Melee: Dagger            |    18 |       |    50 |       ||    68
       Flail             |       |     8 |    78 |       ||    86
       Trident           |       |    35 |       |       ||    35
       Tailslap          |       |     7 |    30 |    37 ||    74
       Quarterstaff      |       |       |   139 |   145 ||   284
       Staff             |       |       |       |   307 ||   307
Throw: Dart              |       |     3 |     3 |     9 ||    15
 Cast: Magic Dart        |    81 |   195 |   239 |    92 ||   607
       Dazzling Flash    |       |       |    11 |       ||    11
       Fulminant Prism   |       |       |    10 |    66 ||    76
       Iskenderun's Myst |       |       |       |   102 ||   102
       Borgnjor's Vile C |       |       |       |    52 ||    52
 Abil: Evoke Flight      |       |       |       |     1 ||     1
  Use: Scroll            |     1 |     4 |    12 |    10 ||    27
       Potion            |       |     1 |     1 |     1 ||     3
 Stab: Invisible         |       |       |     4 |       ||     4
       Sleeping          |       |       |     1 |     1 ||     2
       Distracted        |       |       |     1 |     1 ||     2
Armor: Skin              |     3 |    10 |   129 |   227 ||   369
Dodge: Dodged            |    22 |    64 |   219 |   474 ||   779

Table legend: (Time is in decaauts)
 A = Elapsed time spent in this place.
 B = Non-inter-level travel time spent in this place.
 C = Inter-level travel time spent in this place.
 D = Time resting spent in this place.
 E = Time spent auto-exploring this place.
 F = Levels seen in this place.
 G = Mean time per level.
                   A        B        C        D        E       F      G
               +--------+--------+--------+--------+--------+-----+--------+
         Total |  23160 |  22723 |    437 |   6064 |  12515 |  18 | 1286.7 |
       Dungeon |  17633 |  17308 |    325 |   4495 |   9667 |  12 | 1469.4 |
        Temple |     54 |     48 |      6 |      0 |     47 |   1 |   54.0 |
          Lair |   3851 |   3745 |    106 |   1085 |   1962 |   4 |  962.8 |
       Ossuary |   1620 |   1620 |      0 |    484 |    839 |   1 | 1620.0 |
               +--------+--------+--------+--------+--------+-----+--------+

Top non-repeatable levels by time:
    D:10: 2955 daAuts
  Lair:1: 2069 daAuts
     D:2: 1955 daAuts
     D:5: 1951 daAuts
     D:8: 1744 daAuts
     D:4: 1710 daAuts
     D:9: 1707 daAuts
 Ossuary: 1620 daAuts
     D:3: 1373 daAuts
  Lair:2: 1320 daAuts
     D:7: 1312 daAuts
    D:11: 1035 daAuts
     D:6: 989 daAuts
     D:1: 896 daAuts
  Lair:4: 365 daAuts
